 Dungeon Crawl Stone Soup version 0.24-a0-459-g225fefd530 (webtiles) character file.

Game seed: 3918129913000888842

119 Mrkan the Chopper (level 5, 0/47 HPs)
             Began as a Hill Orc Abyssal Knight on June 28, 2019.
             Was a Believer of Lugonu.
             Slain by an ooze (1 damage)
             ... on level 4 of the Dungeon.
             The game lasted 00:04:28 (1761 turns).

Mrkan the Chopper (Hill Orc Abyssal Knight)         Turns: 1761, Time: 00:04:29

Health: 0/47       AC:  8    Str: 16    XL:     5   Next: 3%
Magic:  7/7        EV:  9    Int: 12    God:    Lugonu [**....]
Gold:   74         SH:  0    Dex: 10    Spells: 4/4 levels left

rFire    . . .     SeeInvis .   a - +1 hand axe
rCold    . . .     Gourm    .   (no shield)
rNeg     . . .     Faith    .   g - +0 scale mail
rPois    .         Spirit   .   (no helmet)
rElec    .         Reflect  .   (no cloak)
rCorr    .         Harm     .   (no gloves)
MR       .....                  p - +1 pair of boots
Stlth    ..........             (no amulet)
HPRegen  0.15/turn              (no ring)
MPRegen  0.10/turn              (no ring)

@: no status effects
A: no striking features
a: Depart the Abyss, Bend Space, Renounce Religion


You were on level 4 of the Dungeon.
You worshipped Lugonu.
Lugonu was pleased with you.
You were not hungry.

You visited 1 branch of the dungeon, and saw 3 of its levels.
You visited the Abyss 1 time.

You collected 74 gold pieces.

Inventory:

Hand Weapons
 a - a +1 hand axe (weapon)
Armour
 b - a +0 leather armour
 g - a +0 scale mail (worn)
 p - a +1 pair of boots (worn)
 q - a cursed +0 scale mail
Jewellery
 i - a +4 ring of strength {unknown}
Wands
 o - a wand of disintegration (19)
Scrolls
 f - a scroll of remove curse {unknown}
 h - a scroll of noise {unknown}
 j - a scroll of enchant armour {unknown}
 k - a scroll of enchant weapon {unknown}
 r - a scroll of fog {unknown}
Potions
 d - a potion of cancellation {unknown}
 m - a potion of flight {unknown}
 n - a potion of haste {unknown}
Comestibles
 c - 2 rations


   Skills:
 + Level 4.5 Fighting
 * Level 5.0 Axes
 - Level 2.1 Armour
 - Level 0.7 Dodging
 + Level 3.8 Invocations


You had 4 spell levels left.
You didn't know any spells.
Your spell library was empty.

Dungeon Overview and Level Annotations

Branches:
Dungeon (2/15)

Altars:
Okawaru

Annotations:
D:4 Robin


Message History

The leopard gecko bites you but does no damage.
Robin roars a battlecry!
Your surroundings suddenly seem different.
An orc comes into view. It is wielding a +0 mace.
The orc shouts!
An ooze comes into view.
The ooze quivers.
The orc hits you with a +0 mace.
* * * LOW HITPOINT WARNING * * *
Found a ring mail.
Found a stone staircase leading down.
Okay, then.
You slash the orc!
You kill the orc!
Lugonu accepts your kill.
Things that are here:
a +0 mace; a +0 leather armour You hit the ooze.
The ooze is heavily wounded.
The ooze hits you.
You die...

# ######### #.
#..... .
#.###......#
....#.#.#.#.#.#
......>.......#
#.#.#.#.#.#.
#...J.......#
###@#.#.#.###
#.........
##.#[#.#.#
.........#
#.#.#.#.##
#########


You could see an ooze.

Vanquished Creatures
  A worker ant (D:2)
  3 adders (D:2)
  2 worms (D:2)
  3 dart slugs
  3 leopard geckos
  An orc (D:4)
  A giant cockroach (D:1)
  10 goblins
  8 hobgoblins
  2 quokkas (D:2)
  A ball python (D:1)
  5 bats
  5 frilled lizards (D:1)
  4 kobolds
  4 rats
53 creatures vanquished.

Notes
Turn   | Place    | Note
-------+----------+-------------------------------------------
     0 | Abyss:1  | Mrkan the Hill Orc Abyssal Knight began the quest for the
                  | Orb.
     0 | Abyss:1  | Reached XP level 1. HP: 19/19 MP: 2/2
    36 | Abyss:1  | Noticed a ynoxinul
    62 | D:1      | Escaped the Abyss
   120 | D:1      | Reached * piety under Lugonu
   144 | D:1      | Reached skill level 3 in Axes
   183 | D:1      | Reached XP level 2. HP: 26/27 MP: 4/4
   454 | D:1      | Reached XP level 3. HP: 29/33 MP: 5/5
   920 | D:2      | Reached skill level 4 in Axes
  1003 | D:2      | Reached XP level 4. HP: 31/41 MP: 6/6
  1266 | D:2      | Reached ** piety under Lugonu
  1399 | D:2      | Reached skill level 5 in Axes
  1413 | D:2      | Found an iron altar of Okawaru.
  1714 | D:2      | Reached XP level 5. HP: 31/47 MP: 7/7
  1722 | D:2      | You fall into a shaft and drop 2 floors!
  1730 | D:4      | Noticed Robin
  1756 | D:4      | HP: 2/47 [scorpion (4)]
  1761 | D:4      | Slain by an ooze

Levels and vault maps discovered:
D:1:      minmay_arrival_shoal_huts, layout_basic
D:2:      layout_basic, okawaru_gym_becter, first_ration
D:4:      layout_rooms, minmay_temple_entry_crystal_x, st_stairs_9,
          lightli_minifort, uniq_robin, uniq_eustachio

Skill      XL: |  1  2  3  4 |
---------------+-------------+-----
Axes           | 3 4 5 |  5.0
Fighting       | 4 |  4.5
Invocations    | 3 |  3.8
Armour         | |  2.1
Dodging        | |  0.7

Action                   |  1- 3 |  4- 6 || total
-------------------------+-------+-------++-------
Melee: Hand axe          |   103 |    85 ||   188
Invok: Depart the Abyss  |     1 |       ||     1
  Use: Potion            |     2 |       ||     2
       Scroll            |       |     2 ||     2
  Eat: Chunk             |       |     3 ||     3
Armor: Leather armour    |     2 |       ||     2
       Scale mail        |    36 |    36 ||    72
Dodge: Dodged            |    52 |    48 ||   100

Table legend:
 A = Non-vault XP
 B = Vault XP
 C = Vault XP percentage of total XP
 D = Non-vault monster count
 E = Vault monster count
 F = Vault count percentage of total count
                 A         B        C        D         E       F
            +---------+---------+-------+---------+---------+-------
      Total |     166 |       5 |   2.9 |      51 |       2 |   3.8
            +---------+---------+-------+---------+---------+-------
        D:1 |      43 |       0 |   0.0 |      25 |       0 |   0.0
        D:2 |     123 |       0 |   0.0 |      26 |       0 |   0.0
        D:4 |       0 |       5 | 100.0 |       0 |       2 | 100.0
            +---------+---------+-------+---------+---------+-------
